 Dungeon Crawl Stone Soup version 0.27-a0-1200-g94dc6ad4cf (webtiles) character file.

Game seed: 5958009871913700412

1744 kae the Cleaver (level 9, -4/79 HPs)
             Began as a Hill Orc Fighter on June 1, 2021.
             Was an Initiate of Qazlal.
             Slain by Harold
             ... wielding a +0 dire flail
              (10 damage)
             ... on level 7 of the Dungeon.
             The game lasted 00:04:18 (7887 turns).

kae the Cleaver (Hill Orc Fighter)                  Turns: 7887, Time: 00:04:20

Health: -4/79      AC: 19    Str: 22    XL:     9   Next: 6%
Magic:  0/11       EV:  1    Int:  8    God:    Qazlal [......]
Gold:   204        SH:  9    Dex: 10    Spells: 8/8 levels left

rFire    . . .     SeeInvis .   a - +2 war axe
rCold    . . .     Faith    .   c - +0 kite shield
rNeg     . . .     Spirit   +   e - +0 crystal plate armour
rPois    .         Reflect  .   r - +0 helmet
rElec    .         Harm     .   (no cloak)
rCorr    .         Rampage  .   (no gloves)
Will     +....                  (no boots)
Stlth    ..........             n - amulet of guardian spirit
HPRegen  0.23/turn              h - ring of willpower
MPRegen  0.12/turn              (no ring)

@: marked
A: no striking features
a: Renounce Religion


You were on level 7 of the Dungeon.
You worshipped Qazlal.
Qazlal was noncommittal.
You visited 1 branch of the dungeon, and saw 7 of its levels.

You collected 204 gold pieces.

Inventory:

Hand Weapons
 a - a +2 war axe (weapon)
 t - a +0 battleaxe
Missiles
 s - a throwing net (quivered)
Armour
 b - a +0 scale mail
 c - a +0 kite shield (worn)
 e - a +0 crystal plate armour (worn)
 r - a +0 helmet (worn)
Jewellery
 h - a ring of willpower (left hand)
 n - an amulet of guardian spirit (around neck)
Wands
 p - a wand of flame (17)
 v - a wand of iceblast (9)
Scrolls
 g - a scroll of amnesia
 j - a scroll of teleportation
 u - a scroll of enchant weapon
Potions
 d - 2 potions of might
 f - 3 potions of flight
 i - a potion of mutation
 k - 3 potions of degeneration
 l - 2 potions of haste
 o - a potion of ambrosia


   Skills:
 + Level 7.6 Fighting
 * Level 10.6 Axes
 + Level 6.5 Armour
 - Level 3.2 Shields
 + Level 2.7 Invocations


You had 8 spell levels left.
You didn't know any spells.
Your spell library contained the following spells:

 Spells                   Type           Power      Damage    Failure   Level
 Foxfire                  Conj/Fire      0%         2x1d4     100%        1
 Magic Dart               Conj           0%         1d3       100%        1
 Searing Ray              Conj           0%         3d3       100%        2
 Conjure Flame            Conj/Fire      0%         6-21      100%        3
 Dazzling Flash           Conj/Hex       0%         N/A       100%        3
 Inner Flame              Hex/Fire       0%         N/A       100%        3
 Fulminant Prism          Conj/Hex       0%         3d6       100%        4
 Iskenderun's Mystic Bla  Conj/Tloc      0%         2d3       100%        4
 Sticky Flame             Conj/Fire      0%         2d3       100%        4
 Fireball                 Conj/Fire      0%         3d3       100%        5


Dungeon Overview and Level Annotations

Branches:
Dungeon (7/15)
 Temple: D:4-7

Altars:
Ashenzari
Dithmenos
Qazlal
Vehumet
Xom

Annotations:
D:7 Harold


Message History

Harold is almost dead.
Harold gestures at you while chanting.
You barely resist. Harold hits you but does no damage.
You barely miss Harold.
Harold is almost dead.
Harold completely misses you.
Your crystal plate armour prevents you from hitting Harold.
Harold is almost dead.
You block Harold's attack.
Your crystal plate armour prevents you from hitting Harold.
Harold is almost dead.
Harold hits you with a +0 dire flail.
* * * LOW HITPOINT WARNING * * *
Your shield prevents you from hitting Harold.
Harold is almost dead.
Harold hits you with a +0 dire flail!
* * * LOW HITPOINT WARNING * * *
Harold hits you with a +0 dire flail.
* * * LOW HITPOINT WARNING * * *
You hit Harold.
Harold is almost dead.
Harold gestures at you while chanting. The mark upon you grows brighter.
You completely miss Harold.
Harold is almost dead.
Harold hits you with a +0 dire flail!
* * * LOW HITPOINT WARNING * * *
It was a potion of curing.
You feel better. Harold hits you but does no damage.
You feel better. Harold hits you with a +0 dire flail!!
* * * LOW HITPOINT WARNING * * *
You feel better. Harold gestures at you while chanting.
The mark upon you grows brighter.
Okay, then.
Okay, then.
Okay, then.
You barely miss Harold.
Harold is almost dead.
Harold hits you with a +0 dire flail!
You die...

#.# #.# #.#
..#####.#
........#
..####..#######
##.?.......
#.....###..
##.@..# ##@###
#.# #.# #+#


You could see Harold.

Vanquished Creatures
  A water moccasin (D:4)
  An ice beast (D:4)
  3 necrophages
  3 ogres (D:5)
  A centaur (D:6)
  2 phantoms
  Blork the orc (D:6)
  2 scorpions (D:4)
  A water moccasin skeleton (D:4)
  4 wights (D:6)
  A centaur zombie (D:6)
  2 hounds
  3 jellies
  An orc wizard (D:5)
  A hound skeleton (D:4)
  A mummy (D:4)
  4 gnolls
  6 adders
  4 worms
  3 dart slugs
  8 orcs
  8 endoplasms
  3 giant cockroaches
  6 goblins
  7 hobgoblins
  5 jackals
  2 kobolds
  A quokka (D:3)
  2 ball pythons
  2 bats (D:1)
  2 frilled lizards (D:1)
  2 hobgoblin zombies (D:4)
  2 orc zombies (D:4)
  2 rats (D:3)
97 creatures vanquished.

Vanquished Creatures (others)
  A plant (D:1)
1 creature vanquished.

Grand Total: 98 creatures vanquished

Notes
Turn   | Place    | Note
-------+----------+-------------------------------------------
     0 | D:1      | kae the Hill Orc Fighter began the quest for the Orb.
     0 | D:1      | Reached XP level 1. HP: 19/19 MP: 1/1
   169 | D:1      | Reached skill level 3 in Axes
   204 | D:1      | Reached XP level 2. HP: 23/27 MP: 2/2
   259 | D:1      | Found a faded altar of an unknown god.
   871 | D:1      | Reached skill level 4 in Axes
   986 | D:2      | Reached XP level 3. HP: 26/33 MP: 3/3
  1799 | D:3      | Found a broken altar of Ashenzari.
  2563 | D:4      | Noticed a scorpion
  2574 | D:4      | Killed a scorpion
  2575 | D:4      | Reached skill level 5 in Axes
  2575 | D:4      | Reached XP level 4. HP: 20/41 MP: 4/4
  2808 | D:4      | Reached XP level 5. HP: 43/47 MP: 5/5
  2852 | D:4      | Noticed an orc warrior
  3197 | D:4      | Reached skill level 5 in Fighting
  3197 | D:4      | Reached skill level 6 in Axes
  3520 | D:4      | Reached XP level 6. HP: 41/56 MP: 6/6
  4025 | D:5      | Entered Level 5 of the Dungeon
  4026 | D:5      | Noticed a water moccasin
  4041 | D:4      | Killed a water moccasin
  4042 | D:4      | Reached skill level 7 in Axes
  4042 | D:4      | Reached XP level 7. HP: 30/62 MP: 7/7
  4351 | D:5      | HP: 3/62 [ogre/+0 giant spiked club (8)]
  4354 | D:5      | Reached skill level 5 in Armour
  4358 | D:5      | Reached skill level 8 in Axes
  5002 | D:5      | Reached XP level 8. HP: 44/71 MP: 4/8
  5223 | D:5      | Reached skill level 9 in Axes
  5857 | D:5      | Found a shimmering altar of Xom.
  5857 | D:5      | Found a stormy altar of Qazlal.
  5878 | D:5      | Found a radiant altar of Vehumet.
  5884 | D:5      | Became a worshipper of Qazlal Stormbringer
  5890 | D:5      | Found a shadowy altar of Dithmenos.
  6337 | D:6      | Reached skill level 10 in Axes
  6337 | D:6      | Reached skill level 1 in Invocations
  6943 | D:6      | Noticed Blork the orc
  6947 | D:6      | Killed Blork the orc
  7526 | D:6      | Reached XP level 9. HP: 76/79 MP: 10/10
  7857 | D:7      | Noticed Harold
  7883 | D:7      | HP: 2/79 [Harold/+0 dire flail (5)]
  7887 | D:7      | Slain by Harold

Illustrated notes

Levels and vault maps discovered:
D:1:      dpeg_arrival_arbitrary_a, layout_basic, ebering_ecumenical_altar_rust,
          serial_bayou_pond_b
D:2:      layout_loops_ring
D:3:      layout_basic, general_overflow_altar, serial_corexii_hall,
          chequers_hall_statues_y, chequers_hall_statues_y
D:4:      layout_rooms, minmay_misc_feat_roman, minmay_mini_ossuary
D:5:      layout_layer_cave, grunt_temple_overflow_cloverleaf
D:6:      layout_basic, kennysheep_nondescript, kennysheep_pointless_box,
          uniq_blork_the_orc
D:7:      layout_loops_corners, nicolae_sif_muna_condensation, temple_statues,
          kennysheep_generic_room_9, uniq_harold, uniq_menkaure

Skill      XL: |  1  2  3  4  5  6  7  8 |
---------------+-------------------------+-----
Axes           | 3 4 5 6 7 8 10 | 10.6
Fighting       | 4 5 6 7 |  7.6
Armour         | 4 5 6 |  6.5
Invocations    | 2 |  2.7
Shields        | |  3.2

Action                   |  1- 3 |  4- 6 |  7- 9 || total
-------------------------+-------+-------+-------++-------
Melee: War axe           |   103 |   106 |   195 ||   404
  Use: Scroll            |     1 |     5 |     9 ||    15
       Potion            |       |       |     5 ||     5
Armor: Scale mail        |     4 |       |       ||     4
       Crystal plate arm |    61 |    82 |   146 ||   289
Dodge: Dodged            |    10 |     2 |    10 ||    22
Block: Kite shield       |    49 |    49 |    86 ||   184

Table legend: (Time is in decaauts)
 A = Elapsed time spent in this place.
 B = Non-inter-level travel time spent in this place.
 C = Inter-level travel time spent in this place.
 D = Time resting spent in this place.
 E = Time spent auto-exploring this place.
 F = Levels seen in this place.
 G = Mean time per level.
                   A        B        C        D        E       F      G
               +--------+--------+--------+--------+--------+-----+--------+
         Total |   8065 |   7717 |    348 |   1324 |   5283 |   7 | 1152.1 |
       Dungeon |   8065 |   7717 |    348 |   1324 |   5283 |   7 | 1152.1 |
               +--------+--------+--------+--------+--------+-----+--------+

Top non-repeatable levels by time:
     D:4: 1767 daAuts
     D:5: 1628 daAuts
     D:6: 1492 daAuts
     D:3: 1282 daAuts
     D:1: 1004 daAuts
     D:2: 749 daAuts
     D:7: 140 daAuts
